 Dungeon Crawl Stone Soup version 0.32-a0-612-g1c984fe9d1 (webtiles) character file.

Game seed: 11350304630786952527

27024 Strat the Eclecticist (level 13, -5/144 HPs)
             Began as an Oni Hedge Wizard on Mar 4, 2024.
             Was an Elder of Beogh.
             Slain by a four-headed hydra (8 damage)
             ... on level 3 of the Lair of Beasts on Mar 5, 2024.
             The game lasted 01:04:35 (24038 turns).

Strat the Eclecticist (Oni Hedge Wizard)           Turns: 24038, Time: 01:04:36

Health: -5/144     AC: 11    Str: 19    XL:     13   Next: 29%
Magic:  13/32      EV:  8    Int: 17    God:    Beogh [****..]
Gold:   1028       SH:  9    Dex:  8    Spells: 27/43 levels left

rFire   + . .        a - +5 whip
rCold   + . .        y - +0 kite shield
rNeg    . . .        P - +2 robe {rC+ rF+}
rPois   +            c - +1 hat
rElec   .            t - +0 cloak
rCorr   +            (gloves unavailable)
SInv    .            (boots unavailable)
Will    ++...        D - amulet of faith
Stlth   +            G - +4 ring of protection
HPRegen 0.44/turn    B - ring "Calarph" {rPois Will+ rCorr}
MPRegen 0.23/turn

%: faith
@: no status effects
A: large, unfitting armour, horns 1, tough skin 1, double potion healing,
drunken brawling
a: Renounce Religion, Smiting, Recall Apostles, Dismiss Olfik, warrior


You were on level 3 of the Lair of Beasts.
You worshipped Beogh.
Beogh was greatly pleased with you.
You visited 2 branches of the dungeon, and saw 16 of its levels.
You also visited: Gauntlet.

You collected 1961 gold pieces.
You spent 933 gold pieces at shops.

Inventory:

Hand Weapons
 a - a +5 whip (weapon)
 b - a +1 heavy morningstar
 e - a +5 whip of holy wrath
 z - a +2 heavy flail
Missiles
 g - 3 atropa-tipped darts
 j - 7 silver javelins
 s - 5 poisoned darts
Armour
 c - a +1 hat (worn)
 k - a +0 troll leather armour
 t - a +0 cloak (worn)
 y - a +0 kite shield (worn)
 P - a +2 robe of resistance (worn)
Jewellery
 n - a ring of wizardry
 p - an amulet of reflection
 q - the ring "Duliyxol" {Will+ Int+3}
   (You found it in a Gauntlet)

   [ring of willpower]

   Int+3:     It affects your intelligence (+3).
   Will+:     It increases your willpower.
 A - a ring of flight
 B - the ring "Calarph" (right hand) {rPois Will+ rCorr}
   (You bought it in a shop on level 9 of the Dungeon)

   [ring of willpower]

   rPois:     It protects you from poison.
   Will+:     It increases your willpower.
   rCorr:     It protects you from acid and corrosion.
 C - a ring of positive energy
 D - an amulet of faith (around neck)
 G - a +4 ring of protection (left hand)
 H - a ring of protection from cold
Wands
 d - a wand of paralysis (27)
 w - a wand of digging (6)
 x - a wand of flame (19)
 I - a wand of polymorph (5)
Scrolls
 i - 2 scrolls of torment
 l - 5 scrolls of vulnerability
 m - a scroll of identify
 u - 2 scrolls of noise
 M - 3 scrolls of amnesia
Potions
 f - 5 potions of enlightenment
 h - a potion of cancellation
 r - a potion of brilliance
 v - a potion of resistance
 J - 3 potions of lignification
 N - 2 potions of mutation {unknown}


   Skills:
 - Level 13.0 Fighting
 + Level 10.0 Maces & Flails
 - Level 1.7 Dodging
 - Level 1.4 Stealth
 + Level 7.0 Shields
 + Level 15.8 Spellcasting
 - Level 4.0 Conjurations
 - Level 2.0 Summonings
 - Level 0.8 Translocations
 - Level 3.0 Earth Magic


You had 27 spell levels left.
You knew the following spells:

 Your Spells              Type           Power      Damage    Failure   Level
a - Magic Dart            Conj           100%       1d8       1%          1
b - Blink                 Tloc           32%        N/A       11%         2
c - Call Imp              Summ           40%        N/A       7%          2
d - Stone Arrow           Conj/Erth      50%        3d10      8%          3
e - Mephitic Cloud        Conj/Alch/Air  17%        N/A       19%         3
f - Lesser Beckoning      Tloc           32%        N/A       11%         2
g - Swiftness             Air            13%        N/A       30%         3

Your spell library contained the following spells:

 Spells                   Type           Power      Damage    Failure   Level
 Sandblast                Erth           46%        2d11      3%          1
 Shock                    Conj/Air       80%        1d8       4%          1
 Sting                    Conj/Alch      80%        1d8       4%          1
 Momentum Strike          Conj/Tloc      42%        3d9       6%          2
 Passwall                 Erth           23%        N/A       9%          3
 Slow                     Hex            52%        N/A       11%         1
 Dazzling Flash           Conj/Hex       40%        N/A       14%         3
 Cigotuvi's Dreadful Rot  Necr/Alch/Air  26%        N/A       16%         2
 Ensorcelled Hibernation  Hex/Ice        26%        N/A       16%         2
 Brom's Barrelling Bould  Conj/Erth      25%        2d5       24%         4
 Volatile Blastmotes      Fire/Tloc      28%        2d12      26%         3
 Confusing Touch          Hex            13%        N/A       30%         3
 Inner Flame              Hex/Fire       13%        N/A       30%         3
 Sigil of Binding         Hex            13%        N/A       30%         3
 Vampiric Draining        Necr           13%        2d6       30%         3
 Animate Armour           Summ/Erth      42%        N/A       36%         4
 Flame Wave               Conj/Fire      20%        2d7       41%         4
 Summon Blazeheart Golem  Fire/Summ      16%        N/A       56%         4
 Olgreb's Toxic Radiance  Alch           13%        N/A       71%         4
 Sticky Flame             Fire/Alch      13%        2d5       71%         4
 Starburst                Conj/Fire      10%        6d5       100%        6
 Haunt                    Necr/Summ      8%         N/A       100%        7
 Malign Gateway           Summ/Tloc      9%         N/A       100%        7
 Orb of Destruction       Conj           13%        9d7       100%        7
 Ozocubu's Refrigeration  Ice            6%         4d8       100%        7
 Spellforged Servitor     Conj/Summ      11%        N/A       100%        7
 Borgnjor's Revivificati  Necr           6%         N/A       100%        8
 Discord                  Hex            6%         N/A       100%        8
 Disjunction              Tloc           8%         N/A       100%        8
 Lehudib's Crystal Spear  Conj/Erth      12%        10d4      100%        8
 Maxwell's Capacitive Co  Air            6%         ∞         100%        8
 Death's Door             Necr           6%         N/A       100%        9


Dungeon Overview and Level Annotations

Branches:
Dungeon (12/15)            Temple (0/1) D:4            Lair (4/5) D:8
  Swamp (0/4) Lair:2       Spider (0/4) Lair:3        Slime (0/5) Lair:4
Gauntlet (visited)
    Orc: D:9-12

Altars:
Ashenzari
Cheibriados
Dithmenos
Hepliaklqana
Okawaru
Ru
Sif Muna
Trog
Uskayaw
Vehumet
Yredelemnul
Zin
Beogh

Shops:
D:8 *   D:9 =

Portals:
Abyss: D:4
Trove: D:11 (give 7 potions of haste)

Annotations:
D:4 2 transporters, DeathSocks's ghost, novice CoHu
D:6 SaltyWalty's ghost, novice BaIE
D:11 3 runed translucent doors, DeathSocks's ghost, journeyman CoBe
Lair:3 Gastronok


Innate Abilities, Weirdness & Mutations

Your facial features look somewhat orcish.
You are too large for most types of armour.
You have a pair of small horns on your head.
You have tough skin. (AC +1)
You gain doubled healing and magic from potions.
Whenever you drink a healing potion, you attack all around you.


Message History

Your cerulean imp hits the jumping spider with a -2 spear.
The jumping spider dies!
Beogh accepts your kill.
Gastronok casts a spell.
Gastronok puts on a burst of speed!
Your Maces & Flails skill increases to level 10!
Your Shields skill increases to level 7!
Your cerulean imp hits the four-headed hydra from afar with a -2 spear.
Benkei attacks as they pursue you!
Benkei hits you with the +9 great sword of Ferph!
* * * LOW HITPOINT WARNING * * *
Unknown command.
Gastronok gurgles, "Huuuuuuuuuuungry!"
Gastronok bubbles merrily.
You feel ready to blink again.
Your cerulean imp hits the four-headed hydra from afar with a -2 spear.
Casting: Blink (safe; 11% risk of failure)
Confirm with . or Enter, or press ? or * to list all spells.
A tiny devil pulls itself out of the air.
Your cerulean imp disappears in a puff of smoke!
Benkei hits you with the +9 great sword of Ferph!
* * * LOW HITPOINT WARNING * * *
The four-headed hydra bites you but does no damage.
The four-headed hydra completely misses you.
You block the four-headed hydra's attack. x2
Casting: Call Imp (safe; 7% risk of failure)
Confirm with . or Enter, or press ? or * to list all spells.
A tiny devil pulls itself out of the air.
Your cerulean imp disappears in a puff of smoke!
The four-headed hydra bites you but does no damage.
You block the four-headed hydra's attack.
The four-headed hydra barely misses you.
You block the four-headed hydra's attack.
Benkei hits you but does no damage.
Casting: Call Imp (safe; 7% risk of failure)
Confirm with . or Enter, or press ? or * to list all spells.
A tiny devil pulls itself out of the air.
Your cerulean imp disappears in a puff of smoke!
The four-headed hydra bites you!
You die...

##......# #.## ### #P......###
####.###PP ##........#
#####......... #.......##
###..........†.< #........##
#............... ##........#
###.....Dw......
##.........###..#............
##..........D$#.##............
#....#..w...o@.####...........
###...##......5§..P###..........
#................§..#.#.........
#.....P.............#*##.....w..
#....................# #........
#....................#*###......
#.#.#..................**#..#...
#^####.#...............##.#.#..#
### #.......)...........##...#.


You could see Gastronok (swift), a four-headed hydra (target of vengeance),
Benkei the orc apostle (ally target, divinely empowered, target of vengeance)
and a friendly cerulean imp (summoned).

Vanquished Creatures
  A boulder beetle (D:7)
  2 two-headed ogres (D:9)
  An orc knight (D:7)
  A manticore (D:7)
  A cyclops (D:7)
  2 black mambas (Lair:1)
  3 cane toads
  3 unseen horrors
  2 komodo dragons
  Psyche (D:11)
  6 trolls
  2 hornets (D:9)
  9 blink frogs (Lair:1)
  3 shadows
  19 yaks
  A vampire (D:7)
  2 wraiths
  4 wyverns
  2 fire bats (Gauntlet)
  A redback (Lair:3)
  2 basilisks (Lair:1)
  A warg (D:7)
  6 vampire mosquitoes
  An acid dragon (D:9)
  7 water moccasins
  9 orc warriors
  5 black bears
  2 sky beasts
  An ice beast (D:5)
  2 ogres
  4 centaurs
  13 wolves
  3 phantoms
  10 bullfrogs
  A kobold brigand (D:12)
  4 gnoll sergeants
  2 scorpions (D:8)
  4 wights
  5 killer bees (D:9)
  2 electric eels
  4 howler monkeys
  3 hounds
  3 orc priests
  A jelly (D:8)
  A sleepcap (D:3)
  10 orc wizards
  3 iguanas
  6 hell rats (Lair:2)
  Robin (D:3)
  12 gnolls
  2 adders
  3 shadow imps
  4 white imps
  3 dart slugs
  5 ribbon worms
  31 orcs
  5 ball pythons
  7 endoplasms
  5 giant cockroaches
  7 goblins
  10 hobgoblins
  5 jackals
  3 quokkas
  5 bats
  A frilled lizard (D:3)
  6 kobolds
  9 rats
305 creatures vanquished.

Vanquished Creatures (collateral kills)
  A minotaur (Gauntlet)
  A hell hog (Gauntlet)
  2 arcanists (Gauntlet)
  3 cane toads
  A komodo dragon (Lair:2)
  A polar bear (Lair:2)
  A jumping spider (Lair:3)
  A redback (Lair:3)
  3 vampire mosquitoes (Lair:2)
  A hell hound (Gauntlet)
  3 wolves
  A phantom (D:6)
  A scorpion (D:6)
  2 jellies
  Jessica (D:2)
  An iguana (D:4)
  2 orc wizards
  4 hell rats (Lair:2)
  2 gnolls (D:6)
  7 adders
  A shadow imp (Gauntlet)
  A white imp (Gauntlet)
  2 ribbon worms
  9 orcs
  A ball python (D:3)
  3 endoplasms (D:3)
  5 goblins (D:3)
  3 hobgoblins (D:3)
  2 jackals
  2 kobolds (D:3)
  A quokka (D:3)
  A bat (D:2)
70 creatures vanquished.

Vanquished Creatures (others)
  An orc apostle (Lair:3)
  A sky beast (D:7)
  5 orcs
7 creatures vanquished.

Grand Total: 382 creatures vanquished

Notes
Turn   | Place    | Note
-------+----------+-------------------------------------------
     0 | D:1      | Strat the Oni Hedge Wizard began the quest for the Orb.
     0 | D:1      | Reached XP level 1. HP: 16/16 MP: 5/5
    23 | D:1      | Reached skill level 1 in Conjurations
   159 | D:1      | Reached skill level 1 in Fighting
   159 | D:1      | Reached XP level 2. HP: 24/27 MP: 6/6
   172 | D:1      | Learned a level 2 spell: Blink
   175 | D:1      | Learned a level 2 spell: Call Imp
   337 | D:1      | Reached skill level 4 in Spellcasting
   667 | D:2      | Reached XP level 3. HP: 31/35 MP: 8/8
  1074 | D:2      | Reached skill level 1 in Summonings
  1322 | D:2      | Learned a level 3 spell: Stone Arrow
  1529 | D:2      | Noticed Jessica
  1545 | D:2      | Killed Jessica
  1546 | D:2      | Reached XP level 4. HP: 18/44 MP: 8/10
  2326 | D:3      | Noticed Robin
  2368 | D:3      | Killed Robin
  2375 | D:3      | Reached XP level 5. HP: 44/53 MP: 8/11
  2672 | D:3      | Found an iron altar of Okawaru.
  2733 | D:3      | Got Sif Muna's Octavo of Polluted Space
  2911 | D:3      | Reached skill level 5 in Spellcasting
  3384 | D:3      | Reached XP level 6. HP: 22/62 MP: 11/13
  3723 | D:4      | Found a staircase to the Ecumenical Temple.
  4245 | D:4      | Reached skill level 1 in Earth Magic
  4246 | D:4      | Found a transporter.
  4359 | D:4      | Found a one-way gate to the infinite horrors of the Abyss.
  4359 | D:4      | Noticed DeathSocks's ghost (novice CoHu)
  4428 | D:4      | Noticed an ancient zyme
  4437 | D:4      | Found a transporter.
  4756 | D:4      | Learned a level 3 spell: Mephitic Cloud
  4934 | D:4      | Noticed an ice beast
  5333 | D:5      | Entered Level 5 of the Dungeon
  5444 | D:5      | Noticed a black bear
  5674 | D:5      | Reached XP level 7. HP: 53/71 MP: 11/15
  5772 | D:5      | Reached skill level 5 in Fighting
  6056 | D:5      | Reached skill level 6 in Spellcasting
  6122 | D:5      | Found a shimmering blue altar of Sif Muna.
  6156 | D:5      | Got Sif Muna's Catalogue of Mutable Wounds
  6161 | D:5      | Found a bloodstained altar of Trog.
  7005 | D:5      | Reached skill level 7 in Spellcasting
  7155 | D:5      | Reached XP level 8. HP: 53/80 MP: 10/18
  7520 | D:6      | Reached skill level 8 in Spellcasting
  7685 | D:6      | Found a snail-covered altar of Cheibriados.
  7954 | D:6      | Noticed SaltyWalty's ghost (novice BaIE)
  7992 | D:6      | Identified a scroll of acquirement
  7992 | D:6      | Acquired 993 gold pieces
  8337 | D:6      | Found a runed translucent gate.
  8338 | D:6      | Found a runed translucent gate.
  8338 | D:6      | Identified the +0 plate armour of Distant Shores {Str+3
                  | Slay+2}
  8339 | D:6      | Found a runed translucent gate.
  8493 | D:6      | Found a basalt altar of Yredelemnul.
  9010 | D:6      | Found a roughly hewn altar of Beogh.
  9610 | D:7      | Reached skill level 9 in Spellcasting
  9784 | D:7      | Reached XP level 9. HP: 75/92 MP: 20/22
  9994 | D:7      | Noticed an orc knight
  9994 | D:7      | Noticed a troll
 10260 | D:7      | Noticed a boulder beetle
 10260 | D:7      | Noticed a cyclops
 10493 | D:7      | Killed a cyclops
 10494 | D:7      | Reached skill level 10 in Spellcasting
 10671 | D:7      | Identified the +1 robe "Sumnahau" {rElec}
 10734 | D:7      | Noticed a manticore
 10745 | D:7      | Killed a manticore
 10746 | D:7      | Reached skill level 11 in Spellcasting
 11091 | D:7      | Reached skill level 12 in Spellcasting
 11201 | D:7      | Killed an unseen horror
 11202 | D:7      | Reached skill level 1 in Maces & Flails
 11202 | D:7      | Reached XP level 10. HP: 78/106 MP: 21/26
 11862 | D:8      | Found Zin's Purification Station.
 11862 | D:8      | Found a glowing silver altar of Zin.
 12337 | D:8      | Found a staircase to the Lair.
 12440 | D:8      | Found a hide-covered altar of Uskayaw.
 12675 | D:8      | Noticed a two-headed ogre
 12773 | D:8      | Reached skill level 10 in Fighting
 12988 | D:9      | Reached skill level 13 in Spellcasting
 13087 | D:7      | Killed an orc knight
 13088 | D:7      | Reached skill level 5 in Maces & Flails
 13287 | D:7      | Killed a boulder beetle
 13288 | D:7      | Reached XP level 11. HP: 43/117 MP: 15/28
 13691 | D:6      | Became a worshipper of Beogh the Shepherd
 14286 | D:9      | Found Jucom's Jewellery Emporium.
 14294 | D:9      | Bought the ring "Calarph" {rPois Will+ rCorr} for 501 gold
                  | pieces
 14657 | D:9      | Bought a +4 ring of protection for 432 gold pieces
 14778 | D:9      | Reached skill level 1 in Shields
 15800 | D:9      | Reached * piety under Beogh
 15877 | D:9      | Noticed a two-headed ogre
 15877 | D:9      | Noticed a two-headed ogre
 15881 | D:9      | Killed a two-headed ogre
 15882 | D:9      | Reached skill level 14 in Spellcasting
 15884 | D:9      | Killed a two-headed ogre
 16320 | D:10     | Entered Level 10 of the Dungeon
 16397 | D:10     | Found a broken altar of Ashenzari.
 16397 | D:10     | Found a sacrificial altar of Ru.
 16398 | D:10     | Found a shadowy altar of Dithmenos.
 16774 | D:10     | Found a hazy altar of Hepliaklqana.
 16973 | D:10     | Found a radiant altar of Vehumet.
 17380 | D:10     | Learned a level 2 spell: Lesser Beckoning
 17398 | D:11     | Found a runed translucent gate.
 17398 | D:11     | Found a runed translucent gate.
 17398 | D:11     | Found a runed translucent gate.
 17424 | D:11     | Noticed Psyche
 17429 | D:11     | Killed Psyche
 17445 | D:11     | Found a portal to a secret trove of treasure.
 17655 | D:11     | Reached XP level 12. HP: 127/130 MP: 30/30
 18571 | D:11     | Noticed DeathSocks's ghost (journeyman CoBe)
 19381 | Lair:1   | Entered Level 1 of the Lair of Beasts
 20015 | Lair:1   | Reached ** piety under Beogh
 20310 | Lair:1   | Reached skill level 5 in Shields
 20628 | Lair:1   | Reached skill level 15 in Spellcasting
 21601 | Lair:2   | Learned a level 3 spell: Swiftness
 21722 | Lair:1   | Reached *** piety under Beogh
 21733 | Lair:1   | Identified the +2 scale mail "Roris" {rN+ Will+ Str+3}
 21733 | Lair:1   | Noticed Olfik
 21766 | Lair:1   | Anointed Olfik the warrior as your apostle
 21976 | Lair:2   | Found a staircase to the Swamp.
 22360 | Lair:2   | Reached XP level 13. HP: 110/140 MP: 32/32
 22694 | Lair:2   | You fall into a shaft and drop 2 floors!
 22999 | Lair:3   | Found a gate leading to a gauntlet.
 23006 | Gauntlet | Entered a Gauntlet
 23006 | Gauntlet | Found a transporter.
 23079 | Gauntlet | Found a transporter.
 23103 | Gauntlet | Found a transporter.
 23118 | Gauntlet | Found a transporter.
 23120 | Gauntlet | Noticed an entropy weaver
 23123 | Gauntlet | Found a transporter.
 23140 | Gauntlet | Found a transporter.
 23157 | Gauntlet | Found a transporter.
 23169 | Gauntlet | Found a transporter.
 23169 | Gauntlet | Noticed an entropy weaver
 23177 | Gauntlet | Found a large runed translucent door.
 23178 | Gauntlet | Found a large runed translucent door.
 23179 | Gauntlet | Found a large runed translucent door.
 23179 | Gauntlet | Found a large runed translucent door.
 23180 | Gauntlet | Found a runed translucent gate.
 23181 | Gauntlet | Found a transporter.
 23181 | Gauntlet | Found a runed translucent gate.
 23182 | Gauntlet | Found a runed translucent gate.
 23183 | Gauntlet | Found a large runed translucent door.
 23183 | Gauntlet | Found a large runed translucent door.
 23184 | Gauntlet | Found a large runed translucent door.
 23185 | Gauntlet | Found a large runed translucent door.
 23193 | Gauntlet | Found a transporter.
 23205 | Gauntlet | Found a transporter.
 23226 | Gauntlet | Found a transporter.
 23239 | Gauntlet | Found a transporter.
 23266 | Gauntlet | Found a transporter.
 23268 | Gauntlet | Found a transporter.
 23296 | Gauntlet | Found a transporter.
 23296 | Gauntlet | Found a transporter.
 23298 | Gauntlet | Found a transporter.
 23299 | Gauntlet | Found a large runed translucent door.
 23300 | Gauntlet | Found a large runed translucent door.
 23306 | Gauntlet | Found a large runed translucent door.
 23306 | Gauntlet | Found a large runed translucent door.
 23425 | Gauntlet | Found a large runed translucent door.
 23425 | Gauntlet | Found a large runed translucent door.
 23425 | Gauntlet | Found a runed translucent door.
 23425 | Gauntlet | Found a runed translucent door.
 23447 | Gauntlet | Found a large runed translucent door.
 23448 | Gauntlet | Found a large runed translucent door.
 23546 | Gauntlet | Identified the ring "Duliyxol" {Will+ Int+3}
 23723 | Gauntlet | Noticed a minotaur
 23751 | Gauntlet | Killed a minotaur
 23926 | Lair:3   | Identified the +9 great sword of Ferph {vamp, rElec rC-
                  | rCorr}
 23953 | Lair:3   | Reached **** piety under Beogh
 23955 | Lair:3   | Your ally Olfik died
 23957 | Lair:3   | Noticed Gastronok
 24032 | Lair:3   | Reached skill level 10 in Maces & Flails
 24036 | Lair:3   | HP: 3/144 [Benkei the orc apostle/the +9 great sword of
                  | Ferph {vamp, rElec rC- rCorr} (10)]
 24038 | Lair:3   | Slain by a four-headed hydra

Illustrated notes

Levels and vault maps discovered:
D:1:      amcnicky_arrival_flooded_fountain, layout_rooms
D:2:      layout_basic, uniq_jessica
D:3:      minmay_chambers_of_threes, layout_loops_cross, okawaru_gym_becter,
          minmay_circle_x, uniq_robin
D:4:      layout_cave_pods, temple_fountains, gammafunk_ghost_abyssal_escape,
          roderic_lattice_a
D:5:      layout_cave_pools, nzn_overflow_gifts_of_might_and_magic, minivault_5,
          minmay_misc_feat_square, nicolae_wormholes
D:6:      layout_layer_cave, general_overflow_altar, kennysheep_slug_shrine,
          biasface_ghost_orc_armoury, minmay_fractal_squares_5
D:7:      layout_basic, minmay_the_grid_2x2 [minmay_the_grid_outer_diamond,
          minmay_the_grid_armoury, minmay_the_grid_holed_spiral,
          minmay_the_grid_prize_four_corners]
D:8:      layout_basic, zin_purify, nicolae_uskayaw_murder_on_the_dancefloor,
          due_lair_maze_entry_diamond, enter_bailey_2,
          onia_ninara_dug_in_and_dangerous
D:9:      minmay_razor_zed, layout_long_grid, serial_shops, shop,
          kennysheep_cluttered_room
D:10:     layout_basic, nicolae_hepliaklqana_hazy_memory,
          chequers_temple_overflow_statue_of_worship, vehumet_crystals
D:11:     layout_basic, gammafunk_ghost_icy, enter_trove_0,
          hangedman_decor_lopped, uniq_psyche
D:12:     layout_roguey, erik_orc_3
Lair:1:   layout_roguey, grunt_megastairs_1
Lair:2:   layout_chaotic_city, minmay_swamp_entry_swarm
Lair:3:   layout_cave_pods, spider_nest_entry_a, gauntlet_entry_generic,
          serial_bayou_shore_b, serial_bayou_shore_a, uniq_amaemon,
          uniq_gastronok
Lair:4:   layout_long_grid, slime_entry_2, minivault_26,
          dreamdust_gnoll_shepherd

Skill      XL: |  1  2  3  4  5  6  7  8  9 10 11 12 13 |
---------------+----------------------------------------+-----
Conjurations   | 1 2 3 4 |  4.0
Fighting       | 1 2 3 4 5 6 8 10 11 13 | 13.0
Spellcasting   | 4 5 7 9 12 13 14 15 | 15.8
Summonings     | 1 2 |  2.0
Earth Magic    | 1 3 |  3.0
Maces & Flails | 1 5 7 9 10 | 10.0
Shields        | 3 6 7 |  7.0
Dodging        | |  1.7
Stealth        | |  1.4
Translocations | |  0.8

Action                     |  1- 3 |  4- 6 |  7- 9 | 10-12 | 13-15 || total
---------------------------+-------+-------+-------+-------+-------++-------
  Melee: Dagger            |   113 |       |       |       |       ||   113
         Headbutt          |    29 |    52 |    71 |   139 |    24 ||   315
         Short sword       |    52 |   249 |   103 |       |       ||   404
         Flail             |       |       |    75 |       |       ||    75
         Whip              |       |       |   144 |   648 |   114 ||   906
         Morningstar       |       |       |       |    14 |       ||    14
   Cast: Call Imp          |     5 |    43 |    27 |     5 |     6 ||    86
         Magic Dart        |     2 |    22 |    15 |     6 |       ||    45
         Blink             |       |     3 |     2 |     4 |     2 ||    11
         Stone Arrow       |       |     2 |    22 |   170 |     3 ||   197
         Mephitic Cloud    |       |       |    24 |    47 |     1 ||    72
 Invoke: Convert to Beogh  |       |       |       |     1 |       ||     1
         Recruit Apostle   |       |       |       |     1 |       ||     1
         Recall Apostles   |       |       |       |       |     1 ||     1
  Evoke: Wand              |       |       |     1 |    15 |     2 ||    18
    Use: Scroll            |       |     8 |    11 |    22 |     5 ||    46
         Potion            |       |     1 |       |    11 |     5 ||    17
   Stab: Sleeping          |     3 |       |       |       |       ||     3
         Distracted        |       |     2 |       |     1 |       ||     3
         Confused          |       |       |     5 |    18 |       ||    23
         Paralysed         |       |       |       |     6 |       ||     6
 Armour: Robe              |   115 |   209 |   278 |   566 |   109 ||  1277
  Dodge: Dodged            |    92 |   138 |   113 |   235 |    31 ||   609
  Block: Other             |       |       |    33 |    28 |       ||    61
         Reflection        |       |       |     3 |     3 |       ||     6
         Kite shield       |       |       |       |   311 |    47 ||   358

Table legend: (Time is in decaauts)
 A = Elapsed time spent in this place.
 B = Non-inter-level travel time spent in this place.
 C = Inter-level travel time spent in this place.
 D = Time resting spent in this place.
 E = Time spent auto-exploring this place.
 F = Levels seen in this place.
 G = Mean time per level.
                   A        B        C        D        E       F      G
               +--------+--------+--------+--------+--------+-----+--------+
         Total |  23958 |  23081 |    877 |   7110 |   9637 |  17 | 1409.3 |
       Dungeon |  20108 |  19265 |    843 |   5801 |   8196 |  12 | 1675.7 |
          Lair |   2972 |   2939 |     33 |    855 |   1296 |   4 |  743.0 |
      Gauntlet |    877 |    877 |      0 |    454 |    145 |   1 |  877.0 |
               +--------+--------+--------+--------+--------+-----+--------+

Top non-repeatable levels by time:
     D:7: 3066 daAuts
     D:6: 2386 daAuts
     D:9: 2324 daAuts
     D:8: 1972 daAuts
     D:4: 1838 daAuts
     D:5: 1797 daAuts
     D:3: 1722 daAuts
  Lair:1: 1672 daAuts
     D:2: 1326 daAuts
    D:11: 1310 daAuts
    D:10: 1086 daAuts
Gauntlet: 877 daAuts
  Lair:2: 876 daAuts
     D:1: 693 daAuts
    D:12: 583 daAuts
